 Dungeon Crawl Stone Soup version 0.30.1-4-g462c640d31 (webtiles) character file.

Game seed: 16435220778100311434

324 HagarQim the Conjurer (level 6, 0/48 HPs)
             Began as a Demigod Conjurer on Aug 27, 2023.
             Slain by an orc wizard
             ... wielding a +0 dagger
              (4 damage)
             ... on level 4 of the Dungeon.
             The game lasted 00:10:01 (3906 turns).

HagarQim the Conjurer (Demigod Conjurer)            Turns: 3906, Time: 00:10:02

Health: 0/48       AC:  3    Str: 14    XL:     6   Next: 2%
Magic:  3/13       EV: 12    Int: 28    God:
Gold:   213        SH:  0    Dex: 12    Spells: 8/11 levels left

rFire   . . .        n - +2 mace
rCold   . . .        (no shield)
rNeg    . . .        a - +0 robe
rPois   .            b - +0 helmet
rElec   .            (no cloak)
rCorr   .            (no gloves)
SInv    .            (no boots)
Will    .....        (no amulet)
Stlth   +            l - +6 ring of strength
HPRegen 0.28/turn    (no ring)
MPRegen 0.13/turn

%: no passive effects
@: confused
A: high MP 1, forlorn, divine attributes
a: no special abilities


You were on level 4 of the Dungeon.
You visited 1 branch of the dungeon, and saw 4 of its levels.

You collected 213 gold pieces.

Inventory:

Hand Weapons
 n - a +2 mace (weapon)
 o - the +4 short sword of the Big Bang {heavy, rN++ Int-5}
   (You found it on level 3 of the Dungeon)

   Int:       It affects your intelligence (-5).
   rN:        It greatly protects you from negative energy.
Armour
 a - a +0 robe (worn)
 b - a +0 helmet (worn)
Jewellery
 l - a +6 ring of strength (left hand)
Wands
 r - a wand of digging (6)
 s - a wand of paralysis (4)
Scrolls
 h - a scroll of summoning {unknown}
 i - a scroll of amnesia {unknown}
 k - a scroll of silence {unknown}
 m - a scroll of immolation {unknown}
 p - a scroll of blinking {unknown}
 q - 2 scrolls of enchant armour {unknown}
Potions
 c - a potion of cancellation
 d - a potion of resistance {unknown}
 e - a potion of curing {unknown}
 f - 3 potions of haste {unknown}
 g - 2 potions of degeneration {unknown}
 j - 2 potions of brilliance {unknown}


   Skills:
 * Level 1.7 Fighting
 - Level 1.0(1.1) Axes
 + Level 0.2(0.6) Maces & Flails
 + Level 2.2 Dodging
 + Level 2.5 Stealth
 + Level 3.1 Spellcasting
 + Level 5.2 Conjurations


You had 8 spell levels left.
You knew the following spells:

 Your Spells              Type           Power      Damage    Failure   Level
a - Magic Dart            Conj           100%       1d8       1%          1
b - Searing Ray           Conj           66%        2d6       1%          2

Your spell library contained the following spells:

 Spells                   Type           Power      Damage    Failure   Level
 Slow                     Hex            16%        N/A       9%          1
 Dazzling Flash           Conj/Hex       36%        N/A       9%          3
 Fulminant Prism          Conj/Hex       9%         3d7       28%         4
 Iskenderun's Mystic Bla  Conj/Tloc      18%        2d6       28%         4


Dungeon Overview and Level Annotations

Branches:
Dungeon (4/15)
 Temple: D:4-7

Shops:
D:2 !

Annotations:
D:3 Natasha


Innate Abilities, Weirdness & Mutations

You have an increased reservoir of magic. (+10% MP)
You shall have no god before yourself.
Your divine heritage dramatically boosts your attributes as you level up.


Message History

You closely miss the orc wizard.
The orc wizard is severely wounded.
The orc wizard hits you but does no damage.
The orc wizard hits you with a +0 dagger.
The orc wizard casts a spell at you. The puff of flame hits you!
The orc wizard hits you but does no damage.
Unknown command.
You completely miss the orc wizard. Your punch misses the orc wizard.
The orc wizard is severely wounded.
The orc wizard barely misses you.
The orc wizard hits you with a +0 dagger.
You miss the orc wizard.
The orc wizard is severely wounded.
The orc wizard hits you with a +0 dagger. x2
* * * LOW HITPOINT WARNING * * *
The orc wizard hits you but does no damage.
The orc wizard hits you with a +0 dagger.
* * * LOW HITPOINT WARNING * * *
You barely miss the orc wizard.
The orc wizard is severely wounded.
The orc wizard hits you but does no damage.
The orc wizard hits you with a +0 dagger.
* * * LOW HITPOINT WARNING * * *
Unknown command.
You closely miss the orc wizard.
The orc wizard is severely wounded.
The orc wizard hits you but does no damage.
The orc wizard casts a spell at you. The magic dart hits you.
* * * LOW HITPOINT WARNING * * *
Press: ? - help, v - describe, . - travel
Here: an orc wizard, wielding a +0 dagger and wearing a +0 robe The floor.
Unknown command.
It was a potion of cancellation.
You feel magically purged.
The orc wizard gestures at you while chanting.
You are confused.
The orc wizard hits you with a +0 dagger.
You die...

#...........##.. .
#........##.....
.#.
#........######.
.... #........# #.
...)# #........# ##
..$##
#........#######
.).
##+#######.....#
#o###.####....###.#
#o@.....#.....# #.#
#.......#.....# #.#
#.......#....####..
#.......#.......###
#.......'.....#.###
##......##....#...#
#......##....###.#
).......#####.#...#
#.######## #.#.###


You could see 2 orc wizards.

Vanquished Creatures
  2 jellies
  An orc priest (D:3)
  3 orc wizards
  Robin (D:2)
  A gnoll (D:3)
  3 adders
  A white imp (D:3)
  A worm (D:3)
  2 dart slugs (D:2)
  8 orcs
  8 ball pythons
  11 bats
  9 endoplasms
  2 giant cockroaches
  9 goblins
  8 hobgoblins
  6 kobolds
  5 quokkas
  4 frilled lizards
  7 rats
92 creatures vanquished.

Notes
Turn   | Place    | Note
-------+----------+-------------------------------------------
     0 | D:1      | HagarQim the Demigod Conjurer began the quest for the Orb.
     0 | D:1      | Reached XP level 1. HP: 14/14 MP: 5/5
   256 | D:1      | Reached skill level 4 in Conjurations
   349 | D:1      | Reached XP level 2. HP: 20/20 MP: 4/7
   596 | D:1      | Learned a level 2 spell: Searing Ray
   988 | D:1      | Reached XP level 3. HP: 26/26 MP: 3/8
  1554 | D:2      | Found Widushuidy's Distillery.
  1995 | D:2      | Noticed Robin
  2006 | D:2      | Killed Robin
  2007 | D:2      | Reached XP level 4. HP: 19/33 MP: 5/10
  2340 | D:3      | Reached skill level 1 in Axes
  2438 | D:3      | Noticed Natasha
  2721 | D:3      | Got Sif Muna's Book of the Evil Eye
  2868 | D:3      | Reached skill level 1 in Fighting
  2979 | D:3      | Reached XP level 5. HP: 33/40 MP: 6/11
  2987 | D:3      | Identified the +4 short sword of the Big Bang {heavy, rN++
                  | Int-5}
  2990 | D:3      | Reached skill level 5 in Conjurations
  3894 | D:4      | Reached XP level 6. HP: 48/48 MP: 7/13
  3906 | D:4      | Slain by an orc wizard

Illustrated notes

Levels and vault maps discovered:
D:1:      ncdulo_watergridlock, layout_loops_ring,
          ebering_ecumenical_altar_rust, minmay_tetromino_s2
D:2:      layout_basic, serial_shops, shop, uniq_robin
D:3:      layout_loops_ring, nzn_overflow_gifts_of_might_and_magic,
          nicolae_overflow_hidden_temple, item_on_display_a, uniq_natasha
D:4:      layout_basic, nzn_wu_jian_contemplation

Skill      XL: |  1  2  3  4  5 |
---------------+----------------+-----
Conjurations   | 4 5 |  5.2
Dodging        | 2 |  2.2
Spellcasting   | 2 3 |  3.1
Stealth        | 2 |  2.5
Axes           | 1 |  1.0
Fighting       | 1 |  1.7
Maces & Flails | |  0.2

Action                     |  1- 3 |  4- 6 || total
---------------------------+-------+-------++-------
  Melee: Hand axe          |    23 |     1 ||    24
         Punch             |     1 |       ||     1
         Mace              |       |    11 ||    11
   Cast: Magic Dart        |    80 |    72 ||   152
         Searing Ray       |     8 |     7 ||    15
    Use: Potion            |     1 |     1 ||     2
         Scroll            |       |     2 ||     2
   Stab: Sleeping          |     1 |       ||     1
 Armour: Robe              |     7 |     8 ||    15
  Dodge: Dodged            |    20 |     7 ||    27
